[Event "Go-Makkah Chess Festival 2019"]
[Site "Sousse"]
[Date "2019.09.03"]
[Round "3.8"]
[White "Alkrnaf, Mohamed Othman"]
[Black "Ahmed AlRehily"]
[Result "1/2-1/2"]
[ECO "C05"]
[WhiteElo "1915"]
[BlackElo "1827"]
[Annotator "NA RC"]
[PlyCount "50"]
[EventDate "2019.09.02"]
[EventType "swiss"]
[EventCountry "TUN"]
[SourceTitle "playchess.com"]
[Source "ChessBase"]
[SourceQuality "1"]
[TimeControl "5400+30"]

1. e4 e6 2. d4 d5 3. Nd2 Nf6 4. e5 Nfd7 5. Ngf3 c5 6. c3 Nc6 7. Be2 f6 8. exf6 Nxf6 9. O-O Bd6 10. Bd3 O-O 11. Re1 Qc7 12. Nf1 e5 13. dxe5 Nxe5 14. Nxe5 Bxe5 15. Ng3 Bg4 16. Qc2 Rae8 17. Bg5 g6 18. Bxf6 Rxf6 19. Qa4 Bd7 20. Qxa7 Rff8 21. b4 Bxc3 22. Rxe8 Rxe8 23. Rb1 Bxb4 24. Be2 Bc6 25. Ba6 Qa5 1/2-1/2

[Event "Go-Makkah Chess Festival 2019"]
[Site "Sousse"]
[Date "2019.09.04"]
[Round "4.7"]
[White "Rian, Saad"]
[Black "Ahmed AlRehily"]
[Result "1/2-1/2"]
[ECO "E15"]
[WhiteElo "2100"]
[BlackElo "1827"]
[Annotator "NA"]
[PlyCount "109"]
[EventDate "2019.09.02"]
[EventType "swiss"]
[EventCountry "TUN"]
[SourceTitle "playchess.com"]
[Source "ChessBase"]
[SourceQuality "1"]
[TimeControl "5400+30"]

1. c4 Nf6 2. d4 e6 3. Nf3 b6 4. g3 Ba6 5. Qc2 Bb4+ 6. Bd2 Be7 7. Bg2 O-O 8. e4 d5 9. cxd5 exd5 10. e5 Ne4 11. Nc3 Nxc3 12. Bxc3 Nc6 13. Qa4 Bb7 14. O-O Qd7 15. b4 Nxe5 16. Qxd7 Nxd7 17. b5 Nf6 18. Rfc1 Ba3 19. Rc2 c6 20. bxc6 Bxc6 21. Bb4 Bxb4 22. Rxc6 Ba3 23. Bh3 Rfe8 24. Kf1 Re7 25. Rb1 Rd8 26. Rb3 Bd6 27. Rbc3 Ne4 28. Rc8 Ree8 29. Rxd8 Rxd8 30. Rc6 Kf8 31. Bf5 h6 32. Ke2 Re8 33. Bxe4 Rxe4+ 34. Kd3 Ke7 35. Rc8 Kd7 36. Rg8 g6 37. Rh8 Re8 38. Rxh6 b5 39. Rh7 Ke7 40. h4 a5 41. h5 Kf6 42. Nh4 a4 43. hxg6 fxg6 44. Rd7 Re6 45. Rb7 b4 46. Rb5 Re1 47. Rxd5 Ke6 48. Ra5 a3 49. d5+ Kf7 50. Ra6 Bc5 51. Nxg6 Bxf2 52. Kc4 Re4+ 53. Kd3 Re3+ 54. Kd2 Re8 55. Kd3 1/2-1/2

[Event "Go-Makkah Chess Festival 2019"]
[Site "Sousse"]
[Date "2019.09.06"]
[Round "5.3"]
[White "Kjartansson, David"]
[Black "Amdouni, Zoubaier"]
[Result "0-1"]
[ECO "B22"]
[WhiteElo "2401"]
[BlackElo "2290"]
[Annotator "ChessBase"]
[PlyCount "130"]
[EventDate "2019.09.02"]
[EventType "swiss"]
[EventCountry "TUN"]
[SourceTitle "playchess.com"]
[Source "ChessBase"]
[SourceQuality "1"]
[TimeControl "5400+30"]

1. e4 c5 2. c3 Nf6 3. e5 Nd5 4. Nf3 Nc6 5. Bc4 Nb6 6. Bb3 d5 7. exd6 Qxd6 8. O-O c4 9. Bc2 Bg4 10. Qe2 g6 11. a4 Bg7 12. h3 Bxf3 13. Qxf3 Ne5 14. Qxb7 O-O 15. Qe4 Nbd7 16. Na3 Nc5 17. Qe2 Qd5 18. f4 Ned3 19. Nxc4 Qxc4 20. b4 Rad8 21. bxc5 Qxc5+ 22. Kh1 Nxc1 23. Raxc1 e6 24. Rb1 Qd6 25. Rf2 Rd7 26. Be4 Rfd8 27. Qe3 Qa6 28. Bc2 Rd5 29. d4 Rc8 30. Be4 Rd7 31. Ra2 Rdc7 32. Rb3 Qa5 33. Rbb2 Rxc3 34. Qd2 Qd8 35. Rc2 Qxd4 36. Qxd4 Bxd4 37. Rxc3 Rxc3 38. Kh2 Kg7 39. a5 h5 40. h4 e5 41. f5 Re3 42. Bb1 Re1 43. Bc2 Bg1+ 44. Kh3 Re3+ 45. g3 Re2 46. Bb3 Rxa2 47. Bxa2 gxf5 48. Kg2 Be3 49. Kf3 Bd2 50. a6 e4+ 51. Kg2 f4 52. gxf4 Bxf4 53. Bd5 f5 54. Bc6 Bd2 55. Kf2 Bb4 56. Be8 Be7 57. Kg3 Kf6 58. Bxh5 Ke5 59. Be8 f4+ 60. Kg4 f3 61. h5 Kd4 62. h6 Kc4 63. Bf7+ Kb4 64. Kg3 Bh4+ 65. Kh3 e3 0-1

[Event "Go-Makkah Chess Festival 2019"]
[Site "Sousse"]
[Date "2019.09.06"]
[Round "5.4"]
[White "Al Ghamdi, Ahmed M"]
[Black "Ameir, Moheb"]
[Result "1/2-1/2"]
[ECO "B31"]
[WhiteElo "2113"]
[BlackElo "2308"]
[Annotator "ChessBase"]
[PlyCount "139"]
[EventDate "2019.09.02"]
[EventType "swiss"]
[EventCountry "TUN"]
[SourceTitle "playchess.com"]
[Source "ChessBase"]
[SourceQuality "1"]
[TimeControl "5400+30"]

1. e4 c5 2. Nf3 Nc6 3. Bb5 g6 4. O-O Bg7 5. Re1 Nf6 6. e5 Nd5 7. Nc3 Nc7 8. Bxc6 dxc6 9. Ne4 Ne6 10. d3 O-O 11. Be3 b6 12. Qd2 a5 13. a4 f5 14. exf6 exf6 15. Bh6 Ra7 16. Bxg7 Kxg7 17. Rad1 Re7 18. Qc3 Nf4 19. Qd2 Qc7 20. Ng3 Rfe8 21. Rxe7+ Rxe7 22. Re1 Rxe1+ 23. Qxe1 Be6 24. Ne2 Bf7 25. Nxf4 Qxf4 26. b3 Qb4 27. Qxb4 cxb4 28. Nd4 Bd5 29. f4 Kf7 30. Kf2 Ke7 31. g4 Kd6 32. h4 Bf7 33. Ke3 Kd5 34. g5 fxg5 35. hxg5 Be8 36. Ne2 Bd7 37. d4 Bf5 38. c4+ bxc3 39. Nxc3+ Kd6 40. Kd2 Ke6 41. d5+ cxd5 42. Nb5 Bg4 43. Nd4+ Kd6 44. Kc3 Kc5 45. Nc2 Bd7 46. Nd4 Bf5 47. Nb5 Be4 48. Nd4 Kd6 49. Nb5+ Ke7 50. Nd4 Kd6 51. Nb5+ Kc5 52. Nd4 Bf5 53. Nf3 Be4 54. Nd4 Bb1 55. Ne6+ Kd6 56. Nd4 Ke7 57. Nc6+ Ke6 58. Nd4+ Kf7 59. b4 axb4+ 60. Kxb4 Bd3 61. a5 bxa5+ 62. Kxa5 Ke7 63. Kb4 Kd6 64. Kc3 Ba6 65. Kb4 Bc8 66. Nb5+ Ke6 67. Nd4+ Kd6 68. Nb5+ Ke6 69. Nd4+ Kd6 70. Nb5+ 1/2-1/2

[Event "Go-Makkah Chess Festival 2019"]
[Site "Sousse"]
[Date "2019.09.06"]
[Round "5.5"]
[White "Zrikem, Nassim"]
[Black "Bouzidi, Ahmed"]
[Result "1-0"]
[ECO "D06"]
[WhiteElo "2090"]
[BlackElo "2197"]
[Annotator "ChessBase"]
[PlyCount "41"]
[EventDate "2019.09.02"]
[EventType "swiss"]
[EventCountry "TUN"]
[SourceTitle "playchess.com"]
[Source "ChessBase"]
[SourceQuality "1"]
[TimeControl "5400+30"]

1. d4 d5 2. Nf3 Nf6 3. e3 Bf5 4. c4 e6 5. Qb3 Qc8 6. Nc3 c6 7. Bd2 Nbd7 8. cxd5 exd5 9. Rc1 Bd6 10. Nb5 Be7 11. Bb4 a6 12. Bxe7 Kxe7 13. Qb4+ c5 14. dxc5 axb5 15. c6+ Kd8 16. c7+ Ke8 17. Nd4 Ra4 18. Qd6 Rxd4 19. exd4 Ne4 20. Qxd5 Ndf6 21. Qxf5 1-0

[Event "Go-Makkah Chess Festival 2019"]
[Site "Sousse"]
[Date "2019.09.06"]
[Round "5.6"]
[White "Ahmed AlRehily"]
[Black "Kohlweyer, Bernd"]
[Result "1/2-1/2"]
[ECO "B15"]
[WhiteElo "1827"]
[BlackElo "2319"]
[Annotator "ChessBase"]
[PlyCount "48"]
[EventDate "2019.09.02"]
[EventType "swiss"]
[EventCountry "TUN"]
[SourceTitle "playchess.com"]
[Source "ChessBase"]
[SourceQuality "1"]
[TimeControl "5400+30"]

1. e4 c6 2. d4 d5 3. Nc3 g6 4. Be3 Bg7 5. Qd2 Nf6 6. e5 Ng4 7. Bf4 f6 8. exf6 Nxf6 9. O-O-O O-O 10. h3 b5 11. f3 Nbd7 12. g4 Ne8 13. Bg5 Nd6 14. Re1 Rf7 15. h4 Qf8 16. h5 gxh5 17. Rxh5 Nf6 18. Rh1 b4 19. Na4 Nfe4 20. Bd3 Nxd2 21. Bxh7+ Kh8 22. Bg6+ Kg8 23. Bh7+ Kh8 24. Bg6+ Kg8 1/2-1/2

[Event "Go-Makkah Chess Festival 2019"]
[Site "Sousse"]
[Date "2019.09.06"]
[Round "5.7"]
[White "Rian, Moubarak"]
[Black "Rian, Saad"]
[Result "1/2-1/2"]
[ECO "A09"]
[WhiteElo "2048"]
[BlackElo "2100"]
[Annotator "ChessBase"]
[PlyCount "94"]
[EventDate "2019.09.02"]
[EventType "swiss"]
[EventCountry "TUN"]
[SourceTitle "playchess.com"]
[Source "ChessBase"]
[SourceQuality "1"]
[TimeControl "5400+30"]

1. Nf3 d5 2. c4 dxc4 3. Na3 c3 4. bxc3 Nf6 5. g3 g6 6. Bg2 Bg7 7. O-O O-O 8. Rb1 Nbd7 9. d4 Nb6 10. c4 Bf5 11. Rb3 Rb8 12. Ne5 c6 13. Bf4 Be6 14. Bxc6 Nh5 15. Bg2 Nxf4 16. gxf4 f6 17. d5 fxe5 18. dxe6 exf4 19. c5 Qxd1 20. Rxd1 Na4 21. c6 bxc6 22. Bxc6 Nc3 23. Rd7 Nxe2+ 24. Kf1 Nd4 25. Rxb8 Rxb8 26. Bd5 Bf6 27. Kg2 g5 28. Nc4 g4 29. h3 h5 30. hxg4 hxg4 31. Rxa7 Rb1 32. Nd2 f3+ 33. Kg3 Rg1+ 34. Kf4 Nb5 35. Ra8+ Kg7 36. Ne4 Bh4 37. Bc4 Nd4 38. a4 Ne2+ 39. Ke3 Rc1 40. Bxe2 Re1 41. Nc3 Bf6 42. Rc8 Bxc3 43. Rxc3 Rxe2+ 44. Kf4 Rxf2 45. Kxg4 Ra2 46. Rxf3 Rxa4+ 47. Kg5 Ra5+ 1/2-1/2

[Event "Go-Makkah Chess Festival 2019"]
[Site "Sousse"]
[Date "2019.09.06"]
[Round "5.8"]
[White "Henni, Mohamed"]
[Black "Alkrnaf, Mohamed Othman"]
[Result "1-0"]
[ECO "C54"]
[WhiteElo "2205"]
[BlackElo "1915"]
[Annotator "NA"]
[PlyCount "59"]
[EventDate "2019.09.02"]
[EventType "swiss"]
[EventCountry "TUN"]
[SourceTitle "playchess.com"]
[Source "ChessBase"]
[SourceQuality "1"]
[TimeControl "5400+30"]

1. e4 e5 2. Nf3 Nc6 3. Bc4 Bc5 4. c3 Nf6 5. d3 O-O 6. O-O d6 7. Bg5 h6 8. Bh4 Bg4 {[%emt 0:00:02] C54: Giuoco Piano: 4 c3 Nf6, main lines with 5 d4 and 5 d3} (8... a6 9. a4 Ba7 10. Na3 g5 11. Bg3 g4 12. Nh4 Nh5 13. Nc2 Qg5 14. Re1 Be6 15. Ne3 Bxe3 16. Rxe3 Bxc4 17. dxc4 Ne7 {1-0 (53) Aronian,L (2767)-Nakamura,H (2777) chess.com INT 2018}) 9. h3 Bh5 10. g4 Bg6 11. a4 a5 12. Bg3 $146 ({Predecessor:} 12. Nbd2 Ne7 13. Re1 Re8 14. Nf1 c6 15. Ng3 d5 16. exd5 Nexd5 17. Nxe5 {0-1 (26) Ruppel,F (1004)-Liu,L (1095) Magdeburg 2018}) 12... Bh7 13. Na3 Bb6 14. Nc2 Re8 15. Ne3 Bxe3 16. fxe3 d5 (16... Nb8 $14) 17. exd5 Nxd5 18. Qb3 $1 Nxe3 19. Bxf7+ {[%emt 0:00:29] Double Attack} Kh8 20. Rf2 Re7 21. Re1 (21. Qxb7 Rxf7 22. Qxc6 Qd5 $18) 21... Qd7 22. Bh5 ({But not} 22. Rxe3 $6 Rxf7 23. Qxb7 (23. Nxe5 Nxe5 24. Qxb7 Raf8 $14) (23. Bxe5 Raf8 $14) 23... Raf8) (22. Qxb7 $18 {and the rest is easy.} Rb8 23. Qxb8+ {[%mdl 64] Deflection} Nxb8 24. Nxe5 (24. Rxe3 Nc6 $16)) 22... Nd5 23. Nxe5 Nxe5 24. Rxe5 c6 25. Rxe7 $11 (25. Qa3 $16) 25... Qxe7 26. Rf7 Qe3+ 27. Bf2 Qxh3 28. Qxb7 Re8 29. Rxg7 Bxd3 30. Rh7+ 1-0

[Event "Go-Makkah Chess Festival 2019"]
[Site "Sousse"]
[Date "2019.09.06"]
[Round "6.7"]
[White "Bouzidi, Ahmed"]
[Black "Rian, Saad"]
[Result "0-1"]
[ECO "B00"]
[WhiteElo "2197"]
[BlackElo "2100"]
[Annotator "RC"]
[PlyCount "125"]
[EventDate "2019.09.02"]
[EventType "swiss"]
[EventCountry "TUN"]
[SourceTitle "playchess.com"]
[Source "ChessBase"]
[SourceQuality "1"]
[TimeControl "5400+30"]

1. e4 b6 2. d4 Bb7 3. Nc3 e6 4. Bd3 Nf6 5. Nf3 Bb4 6. e5 Ne4 7. Bxe4 Bxe4 8. O-O Bxc3 9. bxc3 h6 10. Nd2 Bb7 11. f4 Nc6 12. Ba3 Ne7 13. Bxe7 Qxe7 14. c4 d6 15. Qe2 O-O 16. Ne4 Rad8 17. c3 Qd7 18. Rf3 Qc6 19. d5 exd5 20. Nf6+ Kh8 21. Qd3 gxf6 22. Rh3 Rg8 23. Rxh6+ Kg7 24. Qh7+ Kf8 25. e6 Rxg2+ 26. Kh1 Rg7 27. e7+ Kxe7 28. Qxg7 dxc4+ 29. Kg1 Qh1+ 30. Kf2 Qf3+ 31. Kg1 Qe3+ 32. Kf1 Qxf4+ 33. Kg1 Qe3+ 34. Kf1 Qf3+ 35. Kg1 Qe3+ 36. Kf1 Qf4+ 37. Kg1 Qg5+ 38. Qxg5 fxg5 39. Re1+ Kd7 40. Rh7 Bd5 41. Rg7 Rh8 42. Re3 Rh4 43. Rxg5 Kc6 44. Rgg3 a5 45. Rh3 Rf4 46. Rh8 Be4 47. h4 d5 48. Rh3 b5 49. Ra8 b4 50. Rxa5 bxc3 51. Rxc3 Rxh4 52. Kf2 Kb6 53. Raa3 Kc5 54. Rh3 Rg4 55. Rhg3 Rh4 56. Rh3 Rf4+ 57. Ke3 Rf1 58. Ra5+ Kb6 59. Ra8 f5 60. Rh6+ Kb7 61. Rha6 c3 62. R6a7+ Kb6 63. Ra6+ 0-1

[Event "Go-Makkah Chess Festival 2019"]
[Site "Sousse"]
[Date "2019.09.06"]
[Round "6.8"]
[White "Ahmed AlRehily"]
[Black "Henni, Mohamed"]
[Result "1-0"]
[ECO "A45"]
[WhiteElo "1827"]
[BlackElo "2205"]
[Annotator "ChessBase"]
[PlyCount "77"]
[EventDate "2019.09.02"]
[EventType "swiss"]
[EventCountry "TUN"]
[SourceTitle "playchess.com"]
[Source "ChessBase"]
[SourceQuality "1"]
[TimeControl "5400+30"]

1. d4 Nf6 2. Bg5 Ne4 3. Bf4 d5 4. Nd2 Nd6 5. Ngf3 Nd7 6. e3 Nf6 7. h3 Bf5 8. c4 e6 9. Ne5 c6 10. c5 Nde4 11. f3 Nxd2 12. Qxd2 Nd7 13. b4 Nxe5 14. Bxe5 f6 15. Bh2 b6 16. Ba6 Qd7 17. a4 Be7 18. b5 O-O 19. g4 Bg6 20. Rc1 bxc5 21. dxc5 Rfd8 22. O-O e5 23. f4 exf4 24. Bxf4 Be4 25. bxc6 Qxc6 26. Bb5 Qe6 27. c6 a6 28. c7 Rf8 29. Bc6 f5 30. Bxa8 Rxa8 31. g5 Rc8 32. Qf2 Qd7 33. Qg3 Qxa4 34. Be5 Qb4 35. Rf2 Bc5 36. g6 h5 37. Qg5 Qa3 38. Re1 Qb4 39. Ref1 1-0

[Event "Go-Makkah Chess Festival 2019"]
[Site "Sousse"]
[Date "2019.09.07"]
[Round "7.4"]
[White "Ezat, Mohamed"]
[Black "Bouzidi, Ahmed"]
[Result "1-0"]
[ECO "E73"]
[WhiteElo "2458"]
[BlackElo "2197"]
[Annotator "ChessBase"]
[PlyCount "65"]
[EventDate "2019.09.02"]
[EventType "swiss"]
[EventCountry "TUN"]
[SourceTitle "playchess.com"]
[Source "ChessBase"]
[SourceQuality "1"]
[TimeControl "5400+30"]

1. d4 Nf6 2. c4 g6 3. Nc3 Bg7 4. e4 d6 5. Be2 O-O 6. Bg5 Na6 7. Qd2 c5 8. d5 Qa5 9. Nf3 b5 10. cxb5 Nc7 11. e5 Nfxd5 12. Nxd5 Qxd2+ 13. Nxd2 Nxd5 14. Bf3 Be6 15. exd6 exd6 16. O-O-O f6 17. Rhe1 Bf7 18. Nc4 Nb6 19. Nxb6 axb6 20. Bxa8 Rxa8 21. Bf4 d5 22. Re7 d4 23. Rb7 Bxa2 24. Rxb6 Bc4 25. Kd2 g5 26. Rc1 Bb3 27. Rb8+ Rxb8 28. Bxb8 c4 29. Bd6 g4 30. f4 gxf3 31. gxf3 f5 32. f4 d3 33. b6 1-0

[Event "Go-Makkah Chess Festival 2019"]
[Site "Sousse"]
[Date "2019.09.07"]
[Round "7.5"]
[White "Alkrnaf, Mohamed Othman"]
[Black "Zrikem, Nassim"]
[Result "1-0"]
[ECO "D40"]
[WhiteElo "1915"]
[BlackElo "2090"]
[Annotator "NA RC"]
[PlyCount "143"]
[EventDate "2019.09.02"]
[EventType "swiss"]
[EventCountry "TUN"]
[SourceTitle "playchess.com"]
[Source "ChessBase"]
[SourceQuality "1"]
[TimeControl "5400+30"]

1. d4 d5 2. Nf3 Nf6 3. c4 e6 4. Nc3 Be7 5. Bf4 O-O 6. e3 Nbd7 7. Bd3 c5 8. O-O cxd4 9. exd4 dxc4 10. Bxc4 Nb6 {[%emt 0:00:05] D40: Queen's Gambit Declined: Semi-Tarrasch with 5 e3} 11. Bb3 Nbd5 12. Bd2 (12. Bg5 b6 13. Bxf6 Nxf6 14. d5 exd5 15. Nxd5 Bc5 16. Qd3 Bb7 17. Rad1 Nxd5 18. Bxd5 Bxd5 19. Qxd5 Qxd5 20. Rxd5 {½-½ (30) Radjabov,T (2757)-Wang,Y (2736) Nanjing 2009}) 12... b6 13. Re1 $146 ({Predecessor:} 13. Ne5 Bb7 14. Re1 Rc8 15. Qf3 h6 16. h3 Bd6 17. Rac1 Bb8 18. Ne4 {½-½ (32) Poludnyakov,V (2406)-Rynkevich,S (2357) ICCF email 2010}) 13... Bb7 14. Rc1 Rc8 15. a3 h6 16. h3 Bd6 17. Ne5 Nxc3 18. Bxc3 Nd5 19. Qg4 Bxe5 20. Bxd5 Bh2+ 21. Kxh2 Bxd5 22. Bd2 f5 23. Qg6 Rf6 24. Qg3 Kh7 25. f3 Rc4 26. Rxc4 Bxc4 27. Bf4 Rg6 28. Qf2 Qd5 29. Be5 a5 30. Qc2 Qb5 31. Re3 Bf1 {[%emt 0:01:27] [#]} ({Black should try} 31... a4 $14) 32. g3 (32. g4 $1 $16) 32... Bc4 33. Rc3 Bd5 34. Kg2 h5 35. Rc7 (35. h4 $16) 35... h4 36. g4 Bb3 $2 (36... Bxf3+ $11 {and Black stays safe.} 37. Kxf3 Qf1+ 38. Qf2 Qxh3+ 39. Ke2 Rxg4) 37. Qf2 fxg4 38. fxg4 ({Weaker is} 38. Qxh4+ Kg8 $18) 38... Bd5+ 39. Kh2 Bc6 $18 40. Qxh4+ Kg8 41. Qf2 Bd7 42. Qg2 Rh6 43. b3 a4 44. b4 Rg6 45. Qc2 Rh6 46. Qc4 Qxc4 47. Rxc4 Rh7 48. Kg3 g6 49. Rc7 Rf7 50. Kh4 Bb5 51. Rc8+ Rf8 52. Rxf8+ Kxf8 53. Bc7 Ke7 54. Bxb6 Bf1 55. Kg3 g5 56. h4 gxh4+ 57. Kxh4 Kf6 58. Bd8+ Kg6 59. Kg3 Bd3 60. Kf4 Be2 61. g5 Bd3 62. Ke5 Kf7 63. Kd6 Bc4 64. Kc5 Bd3 65. b5 Ke8 66. Bf6 Kd7 67. Kb4 Bc2 68. Ka5 Kc7 69. Ka6 Bd3 70. Be5+ Kd7 71. Ka5 Bc2 72. b6 1-0

[Event "Go-Makkah Chess Festival 2019"]
[Site "Sousse"]
[Date "2019.09.07"]
[Round "7.6"]
[White "Henni, Mohamed"]
[Black "Rian, Moubarak"]
[Result "1-0"]
[ECO "C11"]
[WhiteElo "2205"]
[BlackElo "2048"]
[Annotator "NA"]
[PlyCount "93"]
[EventDate "2019.09.02"]
[EventType "swiss"]
[EventCountry "TUN"]
[SourceTitle "playchess.com"]
[Source "ChessBase"]
[SourceQuality "1"]
[TimeControl "5400+30"]

1. e4 e6 2. d4 d5 3. Nd2 Nf6 4. e5 Nfd7 5. Ngf3 c5 6. c3 Nc6 7. Be2 cxd4 8. cxd4 Qb6 9. Nb1 f6 10. exf6 Nxf6 11. O-O Bd6 12. Nc3 O-O 13. a3 {[%emt 0:04:29] C11: French: Classical System: 4 e5 and 4 Bg5 dxe4} Bd7 14. b4 Rae8 (14... Ne4 15. Na4 Qc7 16. Nc5 Rf6 17. Qd3 Nxc5 18. dxc5 Bf4 19. Bb2 Ne5 20. Nxe5 Bxe5 21. Bxe5 Qxe5 {0-1 (52) Martinez Ramirez,E (2321)-Swayams,M (2457) Barbera del Valles 2016}) 15. Bb2 Re7 $146 ({Predecessor:} 15... a6 16. Na4 Qc7 17. Nc5 {½-½ (29) Modder,F (1958)-Brunner,W (1756) Verden 2016}) 16. Rc1 Be8 17. Na4 Qd8 18. Nc5 b6 19. Nd3 Ne4 20. b5 Na5 21. Nde5 Rc7 22. a4 Qf6 (22... Bh5 $11 {keeps the balance.}) 23. Rxc7 Bxc7 24. Ba3 Bd6 25. Bxd6 Nxd6 26. Qc2 Nf5 ({Black should try} 26... Bg6 27. Qc7 Nab7) 27. Rd1 h5 (27... Nh4 $16 {was necessary.}) 28. Rd3 g5 29. h3 Qg7 30. Qd2 g4 31. hxg4 hxg4 {[%emt 0:00:10] [#]} 32. Ng5 $1 Nxd4 $2 (32... Nc4 33. Nxc4 (33. Nxe6 Nxd2 34. Nxg7 Kxg7 $16) 33... dxc4 34. Nxe6 {[%mdl 64] Double Attack} Qf6) 33. Rxd4 Qxe5 34. Rxg4 Bg6 35. Nf3 {[%emt 0:03:28] Discovered Attack} Qa1+ 36. Bf1 $18 Rf6 37. Qh6 Qb1 38. Nh4 Kf7 39. Nxg6 Rxg6 40. Rf4+ Qf5 41. Rxf5+ exf5 42. Qh7+ Kf6 43. Qxa7 Ke5 44. Bd3 Nb3 45. Qe7+ Re6 46. Qg5 Nd4 47. Qe3+ 1-0

[Event "Go-Makkah Chess Festival 2019"]
[Site "Sousse"]
[Date "2019.09.07"]
[Round "7.8"]
[White "Rian, Saad"]
[Black "Al Ghamdi, Ahmed M"]
[Result "1/2-1/2"]
[ECO "A26"]
[WhiteElo "2100"]
[BlackElo "2113"]
[Annotator "NA"]
[PlyCount "108"]
[EventDate "2019.09.02"]
[EventType "swiss"]
[EventCountry "TUN"]
[SourceTitle "playchess.com"]
[Source "ChessBase"]
[SourceQuality "1"]
[TimeControl "5400+30"]

1. c4 Nf6 2. Nc3 g6 3. g3 Bg7 4. Bg2 d6 5. Nf3 O-O 6. O-O Nc6 7. d3 e5 8. Bg5 h6 9. Bxf6 Qxf6 10. Rb1 a5 11. a3 Qd8 12. b4 axb4 13. axb4 f5 {[%emt 0:00:59] A26: English Opening vs King's Indian with ...Nc6 and d3} (13... Ne7 14. b5 c6 15. Qb3 Be6 16. Nd2 d5 17. bxc6 bxc6 18. Qc2 Nf5 19. Nb3 Nd4 20. Nxd4 exd4 21. cxd5 cxd5 {½-½ (73) Sargissian,G (2671)-Mamedov,R (2637) Khanty-Mansiysk 2013}) 14. b5 Nb8 $146 ({Predecessor:} 14... Ne7 $5 15. Nd2 (15. Qb3 Be6 $11) 15... g5 16. Qb3 Kh8 17. Ra1 Rb8 18. Ra7 f4 19. Rfa1 Nf5 20. Ra8 Nd4 21. Qd1 Rxa8 22. Rxa8 {1-0 (56) Goletiani,R (2391)-Ju,W (2443) Ningbo 2009}) 15. Qc2 Nd7 16. Ra1 Rb8 17. Ra7 Nc5 18. Nd2 Kh8 19. Nb3 Ne6 20. Rfa1 e4 21. dxe4 f4 22. Ra8 Rxa8 23. Rxa8 fxg3 24. hxg3 Qf6 25. Nd1 h5 26. Qd3 Ng5 27. f4 Nf7 28. Ne3 c6 29. bxc6 bxc6 30. Nf1 Nh6 (30... g5 $11) 31. e3 Ng4 (31... c5 $16) 32. Qd2 Be6 33. Rxf8+ Qxf8 34. Nd4 Bxc4 35. Nxc6 Qf6 36. Na5 Bg8 37. Bf3 Nh6 (37... Qc3 $14) 38. Nb7 Nf7 39. Kg2 Qe7 40. Qb4 Qc7 41. Be2 Qc2 42. Kf2 $11 ({Better is} 42. Kf3 $16) 42... Bc3 43. Qb5 Qxe4 44. Bf3 Qc2+ 45. Qe2 Qc1 46. Qd1 Qb2+ 47. Qe2 Qb4 48. Qd3 Kg7 49. Bd5 Nh6 50. Bxg8 Ng4+ 51. Kg1 Qxb7 52. Be6 Qh1+ 53. Kxh1 Nf2+ 54. Kg2 Nxd3 1/2-1/2

[Event "Go-Makkah Chess Festival 2019"]
[Site "Sousse"]
[Date "2019.09.07"]
[Round "7.9"]
[White "Ben Brahem, Aymen"]
[Black "Ben Ghanem, Hamed"]
[Result "0-1"]
[ECO "D00"]
[WhiteElo "2010"]
[BlackElo "2064"]
[Annotator "NA"]
[PlyCount "108"]
[EventDate "2019.09.02"]
[EventType "swiss"]
[EventCountry "TUN"]
[SourceTitle "playchess.com"]
[Source "ChessBase"]
[SourceQuality "1"]
[TimeControl "5400+30"]

1. d4 d5 2. Bf4 Nf6 3. e3 c5 4. c3 Nc6 5. Nd2 cxd4 6. exd4 {[%emt 0:00:20] D00: 1 d4 d5: Unusual lines} Bf5 7. Ngf3 e6 8. Qb3 Qc8 9. Nh4 Be4 10. Nxe4 dxe4 11. g3 Be7 12. Bh3 $146 ({Predecessor:} 12. Ng2 Nd5 {0-1 (46) Meier,G (2630)-Karjakin,S (2783) chess.com INT 2017}) 12... h6 13. Ng2 g5 14. Be5 Nxe5 15. dxe5 Nd7 16. O-O-O Qc6 17. Ne3 O-O-O 18. Rhe1 Nc5 19. Qc4 Nd3+ 20. Rxd3 exd3 21. Qxc6+ bxc6 22. Nc4 Kc7 23. Kd2 Bc5 24. b4 Bb6 ({Much weaker is} 24... Bxf2 $6 25. Rf1 $11) 25. Nd6 (25. a4 $1 $15) 25... Rd7 26. Kxd3 Bxf2 27. Rf1 Bb6 28. c4 {[%emt 0:00:24] [#]} c5 $1 29. a3 f5 30. g4 {[%emt 0:02:15] [#]} f4 $1 31. Ke4 $19 (31. Bg2 $142) 31... Kd8 32. Rb1 Ke7 33. Rb2 Rb8 34. bxc5 Bc7 35. Rb4 Rdd8 36. Nb5 a5 37. Ra4 Rd1 38. Nxc7 Rb3 39. Nd5+ exd5+ 40. cxd5 Re3+ 41. Kf5 Rxd5 42. Bf1 Rexe5+ 43. Kg6 Re6+ 44. Kg7 Rxc5 45. Rd4 Rc7 46. Bb5 Rb6 47. Bc4 f3 48. Bf7 f2 49. Re4+ Kd6 50. Re6+ Kc5 51. Re5+ Kd4 52. Rf5 Ke3 53. Kg8 Rb8+ 54. Kg7 Rbb7 0-1

[Event "Go-Makkah Chess Festival 2019"]
[Site "Sousse"]
[Date "2019.09.07"]
[Round "8.4"]
[White "Romero Holmes, Alfonso"]
[Black "Kjartansson, David"]
[Result "1-0"]
[ECO "B37"]
[WhiteElo "2414"]
[BlackElo "2401"]
[Annotator "ChessBase"]
[PlyCount "65"]
[EventDate "2019.09.02"]
[EventType "swiss"]
[EventCountry "TUN"]
[SourceTitle "playchess.com"]
[Source "ChessBase"]
[SourceQuality "1"]
[TimeControl "5400+30"]

1. c4 c5 2. Nf3 Nc6 3. Nc3 g6 4. d4 cxd4 5. Nxd4 Bg7 6. Nc2 Nf6 7. e4 d6 8. Be2 O-O 9. Bg5 h6 10. Be3 a5 11. Qd2 Kh7 12. f3 a4 13. O-O Qa5 14. Rfd1 Be6 15. Nd5 Qxd2 16. Bxd2 Nxd5 17. cxd5 Nd4 18. Nxd4 Bxd4+ 19. Kf1 Bd7 20. Bxh6 Bxb2 21. Bxf8 Bxa1 22. Bxe7 Be5 23. g3 Re8 24. Bg5 a3 25. Rc1 Ba4 26. Bf4 Bb2 27. Rc7 Bb3 28. Bc4 Re7 29. Rxe7 Bxc4+ 30. Kg2 Kg7 31. Rxb7 Bxa2 32. Bxd6 Bc4 33. Rxb2 1-0

[Event "Go-Makkah Chess Festival 2019"]
[Site "Sousse"]
[Date "2019.09.07"]
[Round "8.5"]
[White "Bouzidi, Ahmed"]
[Black "Amdouni, Zoubaier"]
[Result "0-1"]
[ECO "B22"]
[WhiteElo "2197"]
[BlackElo "2290"]
[Annotator "ChessBase"]
[PlyCount "74"]
[EventDate "2019.09.02"]
[EventType "swiss"]
[EventCountry "TUN"]
[SourceTitle "playchess.com"]
[Source "ChessBase"]
[SourceQuality "1"]
[TimeControl "5400+30"]

1. e4 c5 2. c3 Nf6 3. e5 Nd5 4. Nf3 Nc6 5. d4 cxd4 6. Bc4 Nb6 7. Bb3 d5 8. exd6 Qxd6 9. Na3 a6 10. O-O e6 11. cxd4 Be7 12. Be3 O-O 13. Qd2 Qd8 14. Rac1 Nb4 15. Bf4 N6d5 16. Bg3 Bd7 17. Nc4 Bb5 18. a3 Nc6 19. Rfd1 Bxc4 20. Bxc4 Rc8 21. Ba2 Bf6 22. b4 Nce7 23. h3 h6 24. Qd3 Rxc1 25. Rxc1 Qa8 26. Bb1 g6 27. h4 h5 28. Ng5 Rc8 29. Rxc8+ Qxc8 30. Ne4 Qc1+ 31. Kh2 Nf5 32. Ba2 Bxd4 33. Bxd5 exd5 34. Nd6 Nh6 35. Qf3 Ng4+ {[%emt 0:04:37] Qd3 Nh6 f3 Qg1+} 36. Kh3 Qh1+ 37. Bh2 Be5 0-1